 Dungeon Crawl Stone Soup version 0.25-a0-464-g3004169c2b (webtiles) character file.

Game seed: 8870921215693636745, levelgen mode: deterministic

123 mopl the Charmwright (level 4, -3/33 HPs)
             Began as a Demonspawn Skald on Feb 4, 2020.
             Killed by nerve-wracking pain
             ... invoked by an orc priest
              (7 damage)
             ... on level 3 of the Dungeon.
             The game lasted 00:03:19 (2718 turns).

mopl the Charmwright (Demonspawn Skald)             Turns: 2718, Time: 00:03:20

Health: -3/33      AC:  8    Str: 12    XL:     4   Next: 79%
Magic:  7/8        EV: 10    Int: 15    God:
Gold:   37         SH:  0    Dex: 12    Spells: 0/8 levels left

rFire    . . .     SeeInvis .   a - +0 falchion
rCold    . . .     Gourm    .   (no shield)
rNeg     . . .     Faith    .   j - +0 ring mail
rPois    .         Spirit   .   (helmet restricted)
rElec    .         Reflect  .   (no cloak)
rCorr    .         Harm     .   (no gloves)
MR       .....                  (no boots)
Stlth    +.........             (no amulet)
HPRegen  0.11/turn              (no ring)
MPRegen  0.11/turn              (no ring)

@: no status effects
A: antennae 1, thin metallic scales 2
a: no special abilities


You were on level 3 of the Dungeon.
You were not hungry.

You visited 1 branch of the dungeon, and saw 3 of its levels.

You collected 37 gold pieces.

Inventory:

Hand Weapons
 a - a +0 falchion (weapon)
Armour
 j - a +0 ring mail (worn)
Wands
 l - a wand of flame (13)
Scrolls
 b - a scroll of teleportation {unknown}
 f - a scroll of enchant armour {unknown}
 h - a scroll of identify {unknown}
Potions
 e - a potion of cancellation {unknown}
 g - 3 potions of mutation {unknown}
 i - a potion of agility {unknown}
 k - a potion of resistance {unknown}
Comestibles
 d - 7 rations


   Skills:
 - Level 2.0 Fighting
 + Level 2.7 Long Blades
 - Level 0.8 Armour
 - Level 1.7 Dodging
 + Level 2.9 Spellcasting
 + Level 0.7 Hexes
 + Level 3.5 Charms
 + Level 1.2 Translocations


You couldn't memorise any spells.
You knew the following spells:

 Your Spells              Type           Power        Failure   Level  Hunger
a - Infusion              Chrm           ##..         11%         1    #......
b - Song of Slaying       Chrm           ##......     17%         2    ##.....
c - Spectral Weapon       Hex/Chrm       #.......     50%         3    ###....
f - Shroud of Golubria    Chrm/Tloc      #.....       26%         2    ##.....

Your spell library contained the following spells:

 Spells                   Type           Power        Failure   Level  Hunger
 Ozocubu's Armour         Chrm/Ice       #.......     56%         3    ###....


Dungeon Overview and Level Annotations

Branches:
Dungeon (3/15)

Altars:


Innate Abilities, Weirdness & Mutations

You have a pair of small antennae on your head.
You are mostly covered in thin metallic scales. (AC +3)


Message History

You hit the orc priest but do no damage.
The orc priest is severely wounded.
The orc priest hits you with a +0 dagger.
The orc priest invokes the aid of Beogh against you.
Beogh smites you!
You hit the orc priest.
The orc priest is almost dead.
The orc priest invokes the aid of Beogh against you.
You barely resist. You closely miss the orc priest.
The orc priest is almost dead.
The orc priest hits you with a +0 mace!
* * * LOW HITPOINT WARNING * * *
The orc priest hits you but does no damage.
You barely miss the orc priest.
The orc priest is almost dead.
The orc priest hits you but does no damage.
The orc priest calls down the wrath of Beogh upon you.
Pain shoots through your body!
You die...

#.# #.# .# #.#
.# #.# .# ...
.# #.# .# #.#
.######
#.##<##.......
#.?..o@.#
#######o# ...
.### .# ##


You could see 2 orc priests.

Vanquished Creatures
  3 adders (D:2)
  An ooze (D:1)
  A worm (D:2)
  4 dart slugs
  A leopard gecko (D:1)
  3 orcs (D:2)
  7 bats
  6 giant cockroaches
  9 goblins
  9 hobgoblins
  9 jackals
  5 kobolds
  A frilled lizard (D:1)
  10 rats
69 creatures vanquished.

Notes
Turn   | Place    | Note
-------+----------+-------------------------------------------
     0 | D:1      | mopl the Demonspawn Skald began the quest for the Orb.
     0 | D:1      | Reached XP level 1. HP: 16/16 MP: 3/3
   102 | D:1      | Reached skill level 2 in Long Blades
   106 | D:1      | Gained mutation: You are partially covered in thin metallic
                  | scales. (AC +2) [demonic ancestry]
   106 | D:1      | Reached XP level 2. HP: 11/22 MP: 5/5
   170 | D:1      | Reached skill level 3 in Charms
   313 | D:1      | Learned a level 2 spell: Song of Slaying
   316 | D:1      | Learned a level 2 spell: Shroud of Golubria
   496 | D:1      | Gained mutation: You have a pair of small antennae on your
                  | head. [demonic ancestry]
   496 | D:1      | Reached XP level 3. HP: 26/27 MP: 6/6
  1581 | D:2      | Gained mutation: You are mostly covered in thin metallic
                  | scales. (AC +3) [demonic ancestry]
  1581 | D:2      | Reached XP level 4. HP: 33/33 MP: 3/8
  1586 | D:2      | Learned a level 3 spell: Spectral Weapon
  1666 | D:2      | Reached skill level 1 in Translocations
  2718 | D:3      | Killed from afar by an orc priest

Levels and vault maps discovered:
D:1:      giann_wishing_wells, layout_loops_ring, minmay_tall_x
D:2:      layout_loops_ring
D:3:      layout_basic, uniq_ijyb, uniq_natasha, uniq_jessica

Skill      XL: |  1  2  3  4 |
---------------+-------------+-----
Long Blades    | 2 |  2.7
Charms         | 3 |  3.5
Translocations | 1 |  1.2
Fighting       | |  2.0
Armour         | |  0.8
Dodging        | |  1.7
Spellcasting   | |  2.9
Hexes          | |  0.7

Action                   |  1- 3 |  4- 6 || total
-------------------------+-------+-------++-------
Melee: Falchion          |   119 |    80 ||   199
 Cast: Infusion          |     6 |     2 ||     8
       Song of Slaying   |     1 |       ||     1
       Shroud of Golubri |       |     3 ||     3
  Use: Scroll            |       |     3 ||     3
  Eat: Chunk             |     3 |     4 ||     7
Armor: Leather armour    |    70 |     1 ||    71
       Ring mail         |       |    46 ||    46
Dodge: Dodged            |    97 |    29 ||   126
       Rpst.: Falchion   |    35 |    10 ||    45

Table legend:
 A = Non-vault XP
 B = Vault XP
 C = Vault XP percentage of total XP
 D = Non-vault monster count
 E = Vault monster count
 F = Vault count percentage of total count
                 A         B        C        D         E       F
            +---------+---------+-------+---------+---------+-------
      Total |     169 |       7 |   4.0 |      65 |       4 |   5.8
            +---------+---------+-------+---------+---------+-------
        D:1 |      64 |       7 |   9.9 |      31 |       4 |  11.4
        D:2 |     105 |       0 |   0.0 |      34 |       0 |   0.0
            +---------+---------+-------+---------+---------+-------
